AoeStats
← uli2099

Lombardia

510045407Analyzed
2v2 RM · 5d ago on Sep 29, 2026· 50m 9s· 4 players
Game mode
Random Map
Map size
Medium (4 player)
Population
200
Speed
Normal
Resources
Standard
Victory
Conquest
Starting age
Dark Age
Ending age
Imperial Age
RankedLock teamsTeams togetherTeam positionsShared explorationLock speedFull tech treeHidden civsTurbo modeCheats
Victory
Defeat
🇵🇪 Vietnamese · Peru
1248
+19
🇺🇸 Varangians · United States
1242
+19
🇯🇵 Varangians · Japan
1325
-19
🇩🇪 Magyars · Germany
1314
-19
uli2099
1:53 Loom
9:54 Feudal Age
11:08 Double-Bit Axe
15:43 Bloodlines
15:24 Horse Collar
22:11 Wheelbarrow
24:16 Castle Age
24:14 Gold Mining
25:25 Scale Barding Armor
25:43 Bow Saw
26:10 Heavy Plow
27:27 Hand Cart
27:53 Husbandry
28:16 Pikeman
29:18 Chain Barding Armor
34:19 Gold Shaft Mining
33:34 Stone Mining
37:01 Fletching
39:13 Scale Mail Armor
41:20 Bodkin Arrow
41:41 Chain Mail Armor
46:31 Imperial Age
47:01 Halberdier
49:41 Conscription
49:12 Cavalier
ezechias
7:41 Loom
10:55 Feudal Age
12:44 Scale Barding Armor
12:57 Double-Bit Axe
17:22 Castle Age
15:48 Horse Collar
17:21 Bloodlines
18:17 Husbandry
19:36 Forging
23:36 Iron Casting
24:07 Chain Barding Armor
26:32 Bow Saw
31:52 Fletching
37:22 Wheelbarrow
37:26 Gold Mining
40:39 Bodkin Arrow
40:50 Heavy Plow
46:23 Imperial Age
45:41 Hand Cart
45:58 Scale Mail Armor
45:55 Pikeman
46:35 Squires
48:32 Chain Mail Armor
48:40 Guilds
49:06 Conscription
diegogv91
7:28 Loom
9:41 Feudal Age
10:54 Double-Bit Axe
13:48 Bloodlines
13:36 Horse Collar
17:22 Forging
19:56 Scale Barding Armor
20:40 Wheelbarrow
23:06 Castle Age
22:05 Gold Mining
24:21 Chain Barding Armor
24:25 Bow Saw
25:40 Heavy Plow
26:51 Iron Casting
26:48 Town Watch
31:39 Husbandry
34:04 Stone Mining
39:00 Imperial Age
37:28 Stone Shaft Mining
38:43 Hand Cart
40:00 Guilds
39:39 Cavalier
41:14 Plate Barding Armor
42:50 Blast Furnace
45:36 Conscription
44:39 Vendel Legacy
45:37 Town Patrol
47:11 Crop Rotation
47:44 Two-Man Saw
moramarlon18
7:27 Loom
9:56 Feudal Age
10:38 Double-Bit Axe
13:44 Fletching
15:17 Padded Archer Armor
23:05 Castle Age
22:23 Gold Mining
23:07 Horse Collar
23:23 Crossbowman
24:02 Bodkin Arrow
28:03 Leather Archer Armor
28:39 Ballistics
33:49 Thumb Ring
35:36 Wheelbarrow
34:47 Town Watch
35:17 Stone Mining
36:53 Stone Shaft Mining
36:38 Bow Saw
36:44 Heavy Plow
43:00 Imperial Age
43:47 Hand Cart
43:12 Arbalester
43:58 Bracer
44:28 Ring Archer Armor
46:38 Chemistry
45:49 Masonry
48:00 Crop Rotation
49:52 Scale Barding Armor
49:58 Forging
Connection lost

Rejoining the realm…

Still unreachable

The connection could not be restored.

Session expired

The server has moved on; the page needs a fresh start.